 Dungeon Crawl Stone Soup version 0.21.1-1-g345015f (webtiles) character file.

17 teukkam the Covered (level 2, 0/23 HPs)
             Began as a Gnoll Wanderer on Feb 14, 2018.
             Was a Follower of Kikubaaqudgha.
             Succumbed to an adder's poison
             ... on level 2 of the Dungeon.
             The game lasted 00:03:59 (818 turns).

teukkam the Covered (Gnoll Wanderer)                 Turns: 818, Time: 00:03:59

Health: 0/23       AC:  2    Str: 11    XL:     2   Next: 62%
Magic:  1/3        EV: 16    Int: 16    God:    Kikubaaqudgha [*.....]
Gold:   63         SH:  0    Dex: 20    Spells: 0/1 levels left

rFire    . . .     SeeInvis .   c - +0 dagger
rCold    . . .     Gourm    .   (no shield)
rNeg     . . .     Faith    .   n - +0 robe
rPois    .         Spirit   .   (no helmet)
rElec    .         Reflect  .   (no cloak)
rCorr    .         Harm     .   (no gloves)
MR       .....                  (no boots)
Stlth    +++.......             (no amulet)
HPRegen  0.07/turn              (no ring)
MPRegen  0.08/turn              (no ring)

@: agile, lethally poisoned (0 -> -9), very slightly contaminated, hasted, very
quick
A: distributed training, fangs 1, strong nose
a: Receive Corpses, Renounce Religion


You were on level 2 of the Dungeon.
You worshipped Kikubaaqudgha.
Kikubaaqudgha was aware of your devotion.
You were not hungry.

You visited 1 branch of the dungeon, and saw 2 of its levels.

You collected 63 gold pieces.

Inventory:

Hand Weapons
 c - a +0 dagger (weapon)
Missiles
 l - 10 poisoned needles
Armour
 a - a +2 scale mail
 n - a +0 robe (worn)
Scrolls
 b - 3 scrolls of teleportation
 e - a scroll of enchant weapon {unknown}
 h - a scroll of identify {unknown}
 i - 4 scrolls of amnesia {unknown}
Potions
 j - a potion of curing {unknown}
 k - a potion of invisibility {unknown}
Books
 m - Kikubaaqudgha's Grimoire of Darkness
   (Kikubaaqudgha gifted it to you on level 2 of the Dungeon)

   Spells                             Type                      Level
   a - Pain                           Necromancy                   1
   b - Corpse Rot                     Necromancy                   2
   c - Sublimation of Blood           Necromancy                   2
   d - Regeneration                   Charms/Necromancy            3
Comestibles
 d - 2 rations


   Skills:
 + Level 2.5 Fighting
 + Level 0.4 Short Blades
 + Level 0.4 Long Blades
 + Level 0.4 Axes
 + Level 4.5 Maces & Flails
 + Level 0.4 Polearms
 + Level 0.4 Staves
 + Level 0.4 Slings
 + Level 4.5 Bows
 + Level 0.4 Crossbows
 + Level 2.5 Throwing
 + Level 6.5 Armour
 + Level 0.4 Dodging
 + Level 0.4 Stealth
 + Level 0.4 Shields
 + Level 0.4 Unarmed Combat
 + Level 0.4 Spellcasting
 + Level 0.2 Conjurations
 + Level 0.2 Hexes
 + Level 0.2 Charms
 + Level 0.2 Summonings
 + Level 0.2 Necromancy
 + Level 0.2 Translocations
 + Level 0.2 Transmutations
 + Level 0.2 Fire Magic
 + Level 0.2 Ice Magic
 + Level 0.2 Air Magic
 + Level 0.2 Earth Magic
 + Level 0.2 Poison Magic
 + Level 0.5 Invocations
 + Level 2.5 Evocations


You couldn't memorise any spells.
You knew the following spells:

 Your Spells              Type           Power        Failure   Level  Hunger
a - Pain                  Necr           #...         22%         1    ##.....


Dungeon Overview and Level Annotations

Branches:
Dungeon (2/15)

Altars:
Fedhas
Gozag
Kikubaaqudgha
Nemelex Xobeh
Uskayaw


Innate Abilities, Weirdness & Mutations

Your experience applies equally to all skills.
You have very sharp teeth.
Your uncanny sense of smell can sniff out nearby items.


Message History

You are lethally poisoned!
The adder poisons you! The adder bites you.
* * * LOW HITPOINT WARNING * * *
* * * LOW HITPOINT WARNING * * *
You feel sick.
* * * LOW HITPOINT WARNING * * *
You feel sick.
It was a potion of haste.
You feel yourself speed up. The adder bites you.
* * * LOW HITPOINT WARNING * * *
The adder barely misses you.
Okay, then.
* * * LOW HITPOINT WARNING * * *
You feel sick.
The goblin throws a stone.
The stone hits you.
* * * LOW HITPOINT WARNING * * *
You see here a stone.
It was a potion of agility.
You feel agile all of a sudden.
You die...
Kikubaaqudgha rasps: "You have failed me!
Welcome... death!"

##≈≈≈≈≈(.≈≈≈≈≈## #.#
#≈≈≈≈≈≈(.≈≈≈≈≈≈###.#
≈≈≈≈≈≈≈..≈≈≈≈≈≈≈##.#
≈≈≈≈≈≈≈..≈≈≈≈≈≈≈≈#.###. #
≈≈≈≈(≈≈.K≈≈≈≈≈≈≈≈#.##.###
≈≈≈≈≈≈8[g8≈≈≈≈≈≈≈#.##.#_.
........S........'.##.###
........(........'.##...#
≈≈≈≈≈≈8.@8≈≈≈≈≈≈≈#.##....
≈≈≈≈≈≈≈..≈≈≈≈≈≈≈≈#.##....
≈≈≈≈≈≈≈..≈≈≈≈≈≈≈≈#.......
≈≈≈≈≈≈≈..≈≈≈≈≈≈≈##.......
#≈≈≈≈≈≈..≈≈≈≈≈≈###.......
##≈≈≈≈≈..≈≈≈≈≈####.......
##≈≈≈≈..≈≈≈≈##........##
##≈≈≈..≈≈≈###.........#
####''#### #.........#


You could see an adder, a goblin and a kobold.

Vanquished Creatures
  A dart slug (D:2)
  A leopard gecko (D:1)
  4 goblins
  A hobgoblin (D:2)
  A kobold (D:1)
  A ball python (D:1)
  2 bats
  2 rats (D:2)
13 creatures vanquished.

Notes
Turn   | Place    | Note
-------+----------+-------------------------------------------
     0 | D:1      | teukkam the Gnoll Wanderer began the quest for the Orb.
     0 | D:1      | teukkam set off with: a +2 scale mail, 2 scrolls of teleportation, a +0 dagger, a ration
     0 | D:1      | Reached XP level 1. HP: 17/17 MP: 2/2
    70 | D:1      | Reached XP level 2. HP: 20/23 MP: 3/3
   265 | D:2      | Found a hide-covered altar of Uskayaw.
   265 | D:2      | Found an opulent altar of Gozag.
   272 | D:2      | Found a sparkling altar of Nemelex Xobeh.
   274 | D:2      | Found a faded altar of an unknown god.
   276 | D:2      | Found a blossoming altar of Fedhas.
   287 | D:2      | Became a worshipper of Kikubaaqudgha
   287 | D:2      | Reached * piety under Kikubaaqudgha
   287 | D:2      | Identified Kikubaaqudgha's Grimoire of Darkness (Kikubaaqudgha gifted it to you on level 2 of the Dungeon)
   287 | D:2      | Received a gift from Kikubaaqudgha
   348 | D:2      | Learned a level 1 spell: Pain
   816 | D:2      | HP: 1/23 [goblin/stone (2)]
   818 | D:2      | Succumbed to an adder's poison

Action                   || total
-------------------------++-------
Melee: Dagger            ||    41
       Bite              ||     5
 Cast: Pain              ||     8
  Use: Potion            ||     2
Armor: Scale mail        ||    17
       Robe              ||     2
Dodge: Dodged            ||    35
